 Dungeon Crawl Stone Soup version 0.28.0-45-g0d030f2227 (webtiles) character file.

Game seed: 10755855941641498969

42399 Andrea the Thaumaturge (level 14, 0/99 HPs)
             Began as an Octopode Hedge Wizard on Apr 8, 2022.
             Was an Elder of Vehumet.
             Engulfed by a steam dragon's steam (10 damage)
             ... on level 6 of the Lair of Beasts on Apr 17, 2022.
             The game lasted 01:29:04 (28701 turns).

Andrea the Thaumaturge (Octopode Hedge Wizard)     Turns: 28701, Time: 01:29:04

Health: 0/99       AC:  6    Str:  9    XL:     14   Next: 19%
Magic:  12/29      EV: 19    Int: 28    God:    Vehumet [****..]
Gold:   1249       SH:  0    Dex: 17    Spells: 7/36 levels left

rFire   . . .      SeeInvis +   p - +10 war axe "Caeshraj" {vorpal, Will+}
rCold   . . .      Faith    .   (no shield)
rNeg    . . .      Spirit   .   b - +1 hat
rPois   +          Reflect  .   q - amulet of magic regeneration
rElec   .          Harm     .   e - +4 ring of protection
rCorr   +          Rampage  .   n - +6 ring of intelligence
Will    ++...                   r - ring of see invisible
Stlth   +++.......              A - ring of resist corrosion
HPRegen 0.26/turn               a - ring of poison resistance
MPRegen 0.61/turn               N - +6 ring of dexterity
                                (no ring)
                                (no ring)

@: no status effects
A: almost no armour, amphibious, 8 rings, camouflage 1, gelatinous body 1,
(nimble swimmer 1), tentacles
a: Renounce Religion


You were on level 6 of the Lair of Beasts.
You worshipped Vehumet.
Vehumet was greatly pleased with you.
You visited 5 branches of the dungeon, and saw 20 of its levels.

You collected 1288 gold pieces.
You spent 39 gold pieces at shops.

Inventory:

Hand Weapons
 p - the +10 war axe "Caeshraj" (weapon) {vorpal, Will+}
   (You found it on level 6 of the Dungeon)

   It inflicts extra damage upon your enemies.
   Will:      It increases your willpower.
Missiles
 j - 37 poisoned darts (quivered)
 k - 2 throwing nets
Armour
 b - a +1 hat (worn)
Jewellery
 a - a ring of poison resistance (on tentacle)
 e - a +4 ring of protection (left tentacle)
 n - a +6 ring of intelligence (right tentacle)
 q - an amulet of magic regeneration (around mantle)
 r - a ring of see invisible (on tentacle)
 A - a ring of resist corrosion (on tentacle)
 C - a ring of fire
 N - a +6 ring of dexterity (on tentacle)
Wands
 l - a wand of flame (57)
 o - a wand of digging (12)
 t - a wand of polymorph (10)
 u - a wand of charming (12)
 E - a wand of paralysis (12)
 K - a wand of mindburst (9)
 L - a wand of acid (11)
Scrolls
 h - 2 scrolls of vulnerability
 i - 2 scrolls of teleportation
 y - a scroll of magic mapping
 z - 5 scrolls of enchant armour
 B - a scroll of blinking
 F - 6 scrolls of identify
 I - 2 scrolls of fog
 J - a scroll of amnesia {unknown}
 M - a scroll of silence {unknown}
Potions
 c - 12 potions of curing
 d - 2 potions of might {unknown}
 f - 2 potions of lignification
 g - 4 potions of brilliance
 m - a potion of invisibility
 s - a potion of magic {unknown}
 v - a potion of mutation {unknown}
 w - 2 potions of attraction {unknown}
 x - a potion of resistance {unknown}
 D - a potion of degeneration {unknown}
 G - a potion of haste {unknown}
 H - a potion of flight {unknown}


   Skills:
 - Level 10.0 Fighting
 - Level 10.0 Dodging
 - Level 2.6 Stealth
 + Level 11.6 Spellcasting
 - Level 11.4 Conjurations
 - Level 1.0 Summonings
 - Level 4.0 Translocations
 - Level 5.2 Transmutations
 - Level 7.4 Fire Magic
 - Level 2.0 Air Magic
 - Level 5.2 Earth Magic
 - Level 2.0 Poison Magic


You had 7 spell levels left.
You knew the following spells:

 Your Spells              Type           Power      Damage    Failure   Level
a - Magic Dart            Conj           100%       1d8       1%          1
b - Call Imp              Summ           21%        N/A       3%          2
c - Mephitic Cloud        Conj/Pois/Air  45%        N/A       1%          3
d - Conjure Flame         Conj/Fire      62%        6-21      1%          3
e - Iskenderun's Mystic   Conj/Tloc      56%        2d12      1%          4
f - Blink                 Tloc           76%        N/A       1%          2
g - Starburst             Conj/Fire      31%        6d9       3%          6
h - Petrify               Tmut/Erth      45%        N/A       4%          4
i - Sticky Flame          Conj/Fire      62%        2d8       1%          4

Your spell library contained the following spells:

 Spells                   Type           Power      Damage    Failure   Level
 Ozocubu's Refrigeration  Ice            8%         4d6       99%         7
 Passwall                 Tmut/Erth      37%        N/A       1%          2
 Dazzling Flash           Conj/Hex       96%        N/A       1%          3
 Gell's Gravitas          Tloc           38%        N/A       1%          3
 Teleport Other           Tloc           38%        N/A       1%          3
 Irradiate                Conj/Tmut      29%        3d23      1%          5
 Slow                     Hex            64%        N/A       3%          1
 Portal Projectile        Hex/Tloc       54%        N/A       4%          3
 Swiftness                Air            27%        N/A       4%          3
 Ensorcelled Hibernation  Hex/Ice        32%        N/A       5%          2
 Sublimation of Blood     Necr           16%        N/A       5%          2
 Call Canine Familiar     Summ           21%        N/A       7%          3
 Leda's Liquefaction      Hex/Erth       15%        N/A       12%         4
 Dispersal                Tloc           19%        N/A       71%         6


Dungeon Overview and Level Annotations

Branches:
Dungeon (11/15)            Temple (1/1) D:6            Lair (6/6) D:10
 Shoals (0/4) Lair:3       Spider (0/4) Lair:2        Slime (1/5) Lair:5
    Orc (1/2) D:9

Altars:
Ashenzari
Cheibriados
Dithmenos
Elyvilon
Fedhas
Gozag
Hepliaklqana
Kikubaaqudgha
Makhleb
Nemelex Xobeh
Okawaru
Qazlal
Ru
Sif Muna
Trog
Uskayaw
Vehumet
Wu Jian
Xom
Yredelemnul
Zin
The Shining One
Jiyva

Shops:
D:4 !   D:11 !   Orc:1 [

Annotations:
D:4 3 runed translucent doors, 101zpm's ghost, amateur GrFi
D:8 1 runed translucent door, Exporg's ghost, novice FoFi
D:11 exclusion: 3 skeletal warriors
Lair:1 Gastronok; Nergalle


Innate Abilities, Weirdness & Mutations

You cannot wear most types of armour.
You are amphibious.
You can wear up to eight rings at the same time.
Your skin changes colour to match your surroundings (Stealth+).
Your rubbery body absorbs attacks. (AC +1, EV +1)
((You are camouflaged when in or above water. (Stealth+)))
You have tentacles for arms and can constrict up to eight enemies at once.


Message History

You feel sick. The cane toad barely misses you.
You feel sick.
Casting: Petrify (dangerous; 4% risk of failure)
Confirm with . or Enter, or press ? or * to list all spells.
Aiming: Petrify (dangerous; 4% risk of failure)
Press: ? - help, Shift-Dir - straight line, f/p - water moccasin
Aim: a water moccasin (petrified, chance to affect: 69%)
The cane toad is moving more slowly.
You feel sick. The cane toad stings you!
You are more poisoned.
The cane toad poisons you!
You feel very sick.
A steam dragon comes into view.
You feel very sick.
You feel very sick.
The steam dragon bites the plant!
The plant begins to die.
The steam dragon claws the plant.
The sea snake hisses angrily.
You feel sick.
The steam dragon hisses angrily.
The cane toad stops moving altogether!
You feel sick.
You feel sick.
You feel sick.
You feel sick.
Casting: Petrify (dangerous; 4% risk of failure)
Confirm with . or Enter, or press ? or * to list all spells.
You erupt in a blast of force!
The mystic blast hits the sea snake!
The sea snake is lightly wounded.
The sea snake is knocked back by the mystic blast.
You feel sick.
You feel sick.
You feel sick.
You feel sick.
You are no longer poisoned.
The steam dragon breathes steam at you. The ball of steam hits you!
* * * LOW HITPOINT WARNING * * *
There is a stone staircase leading up, spattered with blood here.
You are engulfed in a cloud of scalding steam.
You die...

....)...≈≈≈P≈≈P≈.≈≈≈.≈≈≈.≈S
.......≈≈#≈≈##≈≈##.≈##≈≈≈#≈
)......≈##≈≈##≈.≈#≈≈##≈≈##≈
.........≈÷.....≈≈F...≈≈.≈≈
......÷...†.......##.#≈≈...
............D##..#######...
........÷.§§§.##.## #.##
..........§§§.#...# #..##
..........@.S#....## #.....
...(..((..§..#.....##..#...
.....(P((§§.....S..........
.......(.§.............P...
#..(....§.............#....
#......................#.#.
..................[....#
)....................
..................


You could see a sea snake.

Vanquished Creatures
  3 hydras
  A boulder beetle (Lair:4)
  4 two-headed ogres
  Urug (Lair:5)
  3 skeletal warriors
  Pikel (D:4)
  A harpy (Lair:5)
  An orc knight (Orc:1)
  An orc sorcerer (Orc:1)
  An ugly thing (D:11)
  2 centaur zombies
  2 manticores (Lair:6)
  Joseph (D:7)
  A torpor snail (Lair:5)
  3 black mambas
  4 elephants (Lair:6)
  17 cane toads
  4 rime drakes
  7 komodo dragons
  2 polar bears (Lair:6)
  3 trolls
  4 dream sheep (Lair:5)
  17 blink frogs
  A culicivora (Lair:2)
  Sigmund (D:5)
  A jumping spider (Lair:2)
  2 wraiths
  A vampire (D:9)
  3 wyverns
  31 yaks
  4 basilisks
  Eustachio (D:6)
  Grum (D:9)
  2 redbacks (Lair:2)
  3 steam dragons
  Edmund (D:6)
  13 water moccasins
  11 orc warriors
  2 sky beasts
  A hornet zombie (D:6)
  4 necrophages
  5 black bears
  2 ogres
  2 ice beasts
  22 wolves
  4 centaurs
  A phantom (D:6)
  2 kobold brigands
  4 lemures (D:4)
  Blork the orc (D:5)
  9 bullfrogs
  A gnoll sergeant (D:8)
  2 scorpions
  A wyvern skeleton (D:6)
  10 killer bees
  10 wights (D:8)
  2 bullfrog zombies (D:5)
  A hound (D:6)
  Crazy Yiuf (D:5)
  A jelly (D:6)
  7 orc priests
  2 iguanas
  Jessica (D:2)
  Terence (D:2)
  Natasha (thrice) (D:3)
  14 orc wizards
  4 hell rats (Lair:3)
  A scorpion zombie (D:5)
  A killer bee zombie (D:4)
  A hound skeleton (D:5)
  13 gnolls
  A howler monkey skeleton (D:5)
  7 adders
  A shadow imp (D:5)
  An adder skeleton (D:4)
  2 dart slugs
  47 orcs
  19 bats
  7 endoplasms
  A giant cockroach (D:4)
  10 goblins
  8 hobgoblins
  3 jackals
  15 kobolds
  A quokka (D:4)
  6 ball pythons
  3 frilled lizards
  A rat (D:2)
  A bush (Lair:3)
430 creatures vanquished.

Vanquished Creatures (collateral kills)
  An orc warrior (D:9)
  A necrophage (D:3)
2 creatures vanquished.

Vanquished Creatures (others)
  31 fungi
  65 plants
96 creatures vanquished.

Grand Total: 528 creatures vanquished

Notes
Turn   | Place    | Note
-------+----------+-------------------------------------------
     0 | D:1      | Andrea the Octopode Hedge Wizard began the quest for the
                  | Orb.
     0 | D:1      | Reached XP level 1. HP: 11/11 MP: 4/4
   511 | D:1      | Reached XP level 2. HP: 17/17 MP: 3/6
   514 | D:1      | Learned a level 2 spell: Call Imp
   890 | D:1      | Found a faded altar of an unknown god.
  1606 | D:2      | Noticed Jessica
  1610 | D:2      | Killed Jessica
  1611 | D:2      | Reached XP level 3. HP: 21/21 MP: 7/7
  1834 | D:2      | Reached XP level 4. HP: 27/27 MP: 0/9
  1914 | D:2      | Learned a level 3 spell: Mephitic Cloud
  1918 | D:2      | Learned a level 3 spell: Conjure Flame
  2432 | D:3      | Noticed Natasha
  2440 | D:2      | Reached XP level 5. HP: 31/31 MP: 6/10
  2507 | D:3      | Noticed a necrophage
  2608 | D:3      | Killed Natasha
  2609 | D:3      | Reached skill level 1 in Poison Magic
  2610 | D:3      | Noticed Natasha
  2617 | D:3      | Killed Natasha
  2618 | D:3      | Reached skill level 1 in Air Magic
  2753 | D:3      | Noticed Natasha
  3179 | D:3      | Killed Natasha
  3321 | D:3      | Reached XP level 6. HP: 33/36 MP: 5/11
  3884 | D:3      | Noticed Terence
  3986 | D:2      | Killed Terence
  4090 | D:3      | Found an ornate altar of the Wu Jian Council.
  4281 | D:3      | Killed a necrophage
  4578 | D:4      | Reached skill level 5 in Conjurations
  4911 | D:4      | Found a runed translucent gate.
  4912 | D:4      | Found a runed translucent gate.
  4913 | D:4      | Found a runed translucent gate.
  4914 | D:4      | Noticed 101zpm's ghost (amateur GrFi)
  4940 | D:4      | Reached XP level 7. HP: 41/41 MP: 6/13
  5371 | D:4      | Reached skill level 1 in Fire Magic
  5576 | D:4      | Found Afeuc's Distillery.
  5600 | D:4      | Bought a potion of curing for 39 gold pieces
  5606 | D:4      | Noticed Pikel
  6624 | D:5      | Entered Level 5 of the Dungeon
  6743 | D:4      | Killed Pikel
  6744 | D:4      | Reached skill level 5 in Spellcasting
  6744 | D:4      | Reached XP level 8. HP: 46/46 MP: 0/15
  6909 | D:5      | Noticed Sigmund
  7166 | D:5      | Killed Sigmund
  7814 | D:5      | Reached XP level 9. HP: 51/51 MP: 7/17
  7815 | D:5      | Noticed Blork the orc
  8004 | D:5      | Killed Blork the orc
  8063 | D:5      | Learned a level 4 spell: Iskenderun's Mystic Blast
  8183 | D:5      | Found a runed translucent door.
  8184 | D:5      | Noticed Crazy Yiuf
  8493 | D:5      | Killed Crazy Yiuf
  8597 | D:6      | Identified the +10 war axe "Caeshraj" {vorpal, Will+}
  8827 | D:6      | Noticed Eustachio
  8988 | D:6      | Noticed Edmund
  9010 | D:6      | Killed Edmund
  9299 | D:6      | Killed Eustachio
  9505 | D:6      | Found a staircase to the Ecumenical Temple.
  9568 | Temple   | Entered the Ecumenical Temple
  9869 | Temple   | Became a worshipper of Vehumet
 10976 | D:7      | Noticed Joseph
 10992 | D:7      | Killed Joseph
 10993 | D:7      | Reached skill level 10 in Conjurations
 10993 | D:7      | Reached XP level 10. HP: 27/56 MP: 13/20
 12180 | D:8      | Reached * piety under Vehumet
 12180 | D:8      | Offered knowledge of Sandblast by Vehumet.
 12321 | D:8      | Reached skill level 1 in Fighting
 12470 | D:8      | Identified the +10 falchion of Malaise {freeze, Will-
                  | Dex+3}
 12750 | D:8      | Found a runed translucent door.
 12750 | D:8      | Found a shimmering altar of Xom.
 12750 | D:8      | Noticed a +1 war axe of chaos
 12750 | D:8      | Noticed Exporg's ghost (novice FoFi)
 13041 | D:9      | Found a staircase to the Orcish Mines.
 13162 | D:9      | Learned a level 2 spell: Blink
 13228 | D:9      | Noticed Grum
 13256 | D:9      | Killed Grum
 13256 | D:9      | Reached ** piety under Vehumet
 13256 | D:9      | Offered knowledge of Scorch by Vehumet.
 13698 | D:9      | Noticed a two-headed ogre
 14286 | D:9      | Reached skill level 5 in Dodging
 14294 | D:9      | Reached skill level 5 in Fighting
 14294 | D:9      | Reached XP level 11. HP: 60/71 MP: 22/22
 14586 | D:9      | Killed a two-headed ogre
 14718 | Orc:1    | Entered Level 1 of the Orcish Mines
 14718 | Orc:1    | Noticed an orc sorcerer
 14718 | Orc:1    | Found Veotem's Armour Emporium.
 14981 | Orc:1    | Reached skill level 5 in Fire Magic
 14981 | Orc:1    | Noticed a two-headed ogre
 15008 | Orc:1    | Killed a two-headed ogre
 15008 | Orc:1    | Offered knowledge of Stone Arrow by Vehumet.
 15615 | Orc:1    | Noticed an orc knight
 15656 | Orc:1    | Killed an orc knight
 15656 | Orc:1    | Reached *** piety under Vehumet
 16020 | Orc:1    | Killed an orc sorcerer
 16280 | D:10     | Entered Level 10 of the Dungeon
 16742 | D:10     | Found a staircase to the Lair.
 16941 | D:10     | Noticed a two-headed ogre
 16959 | D:10     | Killed a two-headed ogre
 17018 | D:10     | Learned a level 6 spell: Starburst
 17023 | D:10     | Learned a level 4 spell: Petrify
 17494 | D:11     | Noticed a skeletal warrior
 17494 | D:11     | Noticed a skeletal warrior
 17494 | D:11     | Noticed a skeletal warrior
 17527 | D:11     | Noticed a boulder beetle
 17938 | D:11     | Reached skill level 1 in Transmutations
 17938 | D:11     | Reached skill level 1 in Earth Magic
 17946 | D:11     | Noticed a cyclops
 18323 | Lair:1   | Entered Level 1 of the Lair of Beasts
 18395 | Lair:1   | Reached XP level 12. HP: 58/79 MP: 24/24
 18510 | Lair:1   | Noticed Gastronok
 18723 | Lair:1   | Noticed Nergalle
 19038 | Lair:1   | Identified the quicksilver dragon scales "Unurpheog" {Will+
                  | Int+2}
 19273 | Lair:2   | Noticed an eight-headed hydra
 19278 | Lair:2   | Killed an eight-headed hydra
 19464 | Lair:2   | Offered knowledge of Sticky Flame by Vehumet.
 20247 | Lair:2   | Found a hole to the Spider Nest.
 20484 | Lair:3   | Noticed a seven-headed hydra
 21228 | Lair:3   | Killed a seven-headed hydra
 21229 | Lair:3   | Reached skill level 5 in Transmutations
 21229 | Lair:3   | Reached skill level 5 in Earth Magic
 21231 | Lair:3   | Reached **** piety under Vehumet
 21237 | Lair:3   | Learned a level 4 spell: Sticky Flame
 21643 | Lair:3   | Offered knowledge of Iskenderun's Battlesphere by Vehumet.
 22271 | Lair:3   | Found a staircase to the Shoals.
 22291 | Lair:3   | Reached XP level 13. HP: 78/86 MP: 26/26
 22724 | Lair:4   | Reached skill level 10 in Spellcasting
 24207 | Lair:5   | Reached ***** piety under Vehumet
 24342 | Lair:5   | Found a staircase to the Slime Pits.
 24343 | Lair:5   | Found a viscous altar of Jiyva.
 24699 | Lair:5   | Noticed Urug
 24720 | Lair:5   | Killed Urug
 24869 | Lair:5   | Offered knowledge of Ozocubu's Refrigeration by Vehumet.
 25545 | Lair:6   | Entered Level 6 of the Lair of Beasts
 25566 | Slime:1  | Entered Level 1 of the Pits of Slime
 25566 | Slime:1  | Noticed a quicksilver ooze
 25566 | Slime:1  | Noticed an acid blob
 25566 | Slime:1  | Noticed a quicksilver ooze
 27276 | D:11     | Found Maguttun's Distillery.
 27973 | Lair:6   | Reached XP level 14. HP: 58/97 MP: 8/29
 28674 | Lair:6   | Reached skill level 10 in Dodging
 28676 | Lair:6   | Reached skill level 10 in Fighting
 28701 | Lair:6   | Engulfed by a steam dragon's steam

Illustrated notes

Levels and vault maps discovered:
D:1:      amcnicky_arrival_abandoned_market, layout_basic,
          shapermc_ecumenical_altar_acropolis
D:2:      layout_basic, chequers_big_river, minmay_close_crescents, uniq_jessica
D:3:      layout_rooms, mainiacjoe_overflow_chevrons, corexii_shack,
          wad_orctagon, uniq_terence, uniq_natasha
D:4:      layout_cave_pods, serial_shops, shop, gammafunk_ghost_split,
          chequers_decorated_corner, uniq_pikel
D:5:      layout_rooms, uniq_blork_the_orc, uniq_sigmund,
          uniq_crazy_yiuf_cottage
D:6:      layout_rooms, minmay_temple_entry_statues_pillars, uniq_edmund,
          uniq_eustachio
D:7:      layout_basic, uniq_joseph
D:8:      corexii_shack_village, layout_gridville, serial_rivers,
          chequers_serial_rivers_room_b, chequers_serial_rivers_room_b,
          chequers_serial_rivers_small_a, chequers_serial_rivers_micro_e,
          chequers_serial_rivers_micro_e, chequers_serial_rivers_micro_a,
          ebering_ghost_xom, nrook_uturn
D:9:      layout_loops_ring, david_orc_2, uniq_grum
D:10:     layout_roguey, lair_entry_dummy
D:11:     layout_layer_cave, gauntlet_entry_generic, serial_shops,
          nicolae_take_the_stairs
Temple:   mainiacjoe_temple_circle_huts
Lair:1:   layout_cave_pods, uniq_gastronok, uniq_nergalle
Lair:2:   layout_layer_cave, spider_nest_entry_funnel_web
Lair:3:   layout_chaotic_city, elwin_shoals_entry_rooms, beast_lair_carwin_3,
          grunt_megastairs_3
Lair:4:   layout_loops_ring, minmay_holes, roderic_batcave,
          infiniplex_staircase_pool_2
Lair:5:   layout_cave_pods, slime_altar_1, uniq_urug
Lair:6:   gammafunk_lair_ancient_temple, layout_cave_pods,
          minmay_lair_drake_nest, lemuel_fruit_tree
Slime:1:  layout_caves
Orc:1:    layout_caves, serial_shops, nicolae_shop_crystal

Skill      XL: |  1  2  3  4  5  6  7  8  9 10 11 12 13 14 |
---------------+-------------------------------------------+-----
Conjurations   | 2 3 4 5 6 7 10 11 | 11.4
Poison Magic   | 2 |  2.0
Air Magic      | 1 2 |  2.0
Spellcasting   | 4 5 7 8 9 11 | 11.6
Fire Magic     | 3 4 7 |  7.4
Translocations | 3 4 |  4.0
Fighting       | 5 6 7 9 10 | 10.0
Dodging        | 5 6 7 9 10 | 10.0
Transmutations | 1 5 |  5.2
Earth Magic    | 1 5 |  5.2
Stealth        | |  2.6
Summonings     | |  1.0

Action                   |  1- 3 |  4- 6 |  7- 9 | 10-12 | 13-15 || total
-------------------------+-------+-------+-------+-------+-------++-------
Melee: Dagger            |    15 |    42 |    88 |       |       ||   145
       Constrict         |     7 |    12 |    24 |    44 |    16 ||   103
       Tentacles         |     5 |     7 |    32 |    63 |    54 ||   161
       Punch             |       |     2 |     1 |     5 |     3 ||    11
       War axe           |       |       |    48 |   240 |   138 ||   426
Throw: Dart              |       |       |     7 |    10 |       ||    17
 Cast: Magic Dart        |    53 |   143 |   128 |   234 |    15 ||   573
       Mephitic Cloud    |       |     5 |    42 |    94 |    27 ||   168
       Conjure Flame     |       |     1 |    14 |    13 |       ||    28
       Call Imp          |       |     1 |     6 |     6 |     1 ||    14
       Iskenderun's Myst |       |       |     8 |    49 |    23 ||    80
       Starburst         |       |       |       |    33 |    57 ||    90
       Blink             |       |       |       |     3 |     5 ||     8
       Petrify           |       |       |       |    15 |    44 ||    59
       Sticky Flame      |       |       |       |     2 |    13 ||    15
Evoke: Wand              |       |       |       |     8 |       ||     8
  Use: Scroll            |       |     4 |     4 |     2 |     2 ||    12
       Potion            |       |       |       |     2 |     1 ||     3
 Stab: Sleeping          |     1 |     1 |       |     3 |     2 ||     7
       Confused          |       |     1 |     8 |    14 |     4 ||    27
       Distracted        |       |       |     1 |       |     1 ||     2
       Petrified         |       |       |       |    27 |    60 ||    87
Armor: Skin              |     5 |    19 |    31 |    45 |    59 ||   159
Dodge: Dodged            |    16 |    45 |    83 |   172 |   133 ||   449
